Map: Blackburn LE

Players

Lambo - Winner!

  • Race: Zerg Zerg
  • League: Grandmaster

HellraiseR

  • Race: Protoss Protoss
  • League: Grandmaster

Event: DreamHack SC2 Masters 2021 Summer

VOD

Have the link to the VOD?

Description

Time

  • Played on: May 23, 2021, 12:45 p.m.
  • Length: 9:57

All games in this series

Show
View Real Time Build Order
Export as new Build Order

Lambo Zerg - Winner!

Build Orders: Hatch First 

Get SALT Encoding   

  12  0:00  Drone  
  13  0:12  Overlord  
  13  0:17  Drone  
  14  0:30  Drone x2  
  16  0:48  Hatchery  
  15  0:51  Drone  
  15  0:54  Drone  
  17  0:58  Drone  
  18  1:08  Extractor  
  17  1:12  Spawning Pool  
  17  1:16  Drone  
  17  1:20  Drone  
  18  1:27  Drone  
  20  1:40  Drone  
  20  1:50  Overlord  
  20  2:00  Queen  
  20  2:01  Queen, Zergling x4  
  26  2:12  Drone x2  
  28  2:22  Drone x2  
  30  2:30  Metabolic Boost  
  30  2:36  Hatchery  
  29  2:37  Drone  
  29  2:41  Drone  
  29  2:44  Drone  
  32  2:46  Overlord  
  32  2:53  Queen  
  32  2:55  Drone  
  32  2:58  Drone  
  36  3:04  Drone  
  36  3:05  Drone  
  38  3:08  Queen  
  38  3:12  Drone x2  
  42  3:16  Overlord  
  42  3:18  Drone  
  43  3:25  Drone  
  43  3:26  Overlord  
  44  3:34  Queen, Spore Crawler  
  44  3:36  Drone  
  44  3:38  Drone  
  47  3:41  Drone x2  
  47  3:42  Drone  
  47  3:46  Overlord  
  50  3:54  Drone x2  
  52  3:56  Queen  
  52  3:58  Overlord  
  52  3:59  Drone  
  55  4:03  Drone  
  55  4:05  Drone x2  
  55  4:06  Drone  
  55  4:08  Drone  
  60  4:11  Overlord  
  60  4:13  Zergling x2  
  60  4:14  Drone  
  61  4:21  Drone x2, Roach Warren  
  62  4:25  Drone x2  
  62  4:29  Extractor  
  62  4:31  Drone  
  64  4:32  Extractor  
  64  4:35  Drone x2  
  64  4:36  Drone  
  64  4:37  Drone  
  64  4:38  Drone x2  
  68  4:40  Lair  
  68  4:43  Zergling x2  
  68  4:44  Drone  
  70  4:45  Zergling x2  
  70  4:46  Zergling x2  
  70  4:47  Zergling x2  
  70  4:50  Queen  
  75  4:55  Drone x4  
  79  5:01  Zergling x4  
  79  5:03  Drone  
  82  5:13  Drone x2  
  81  5:16  Extractor, Overlord  
  81  5:17  Extractor, Queen  
  81  5:18  Extractor  
  80  5:26  Hatchery  
  80  5:27  Queen  
  81  5:29  Overlord x2  
  81  5:36  Overlord  
  81  5:37  Drone  
  81  5:38  Drone x2  
  81  5:40  Spire  
  81  5:42  Drone x3  
  86  5:43  Drone  
  86  5:47  Drone x3  
  90  5:51  Drone x2  
  90  5:52  Drone x2, Queen  
  90  5:54  Drone  
  97  6:00  Drone  
  97  6:02  Overlord  
  97  6:04  Zergling x12  
  104  6:11  Roach  
  106  6:14  Roach  
  106  6:17  Queen  
  110  6:19  Zergling x8  
  110  6:22  Overlord  
  112  6:27  Zergling x8  
  112  6:39  Zergling x2  
  115  6:40  Zergling x10  
  115  6:41  Queen x2  
  119  6:47  Spore Crawler x2  
  119  6:49  Spore Crawler  
  118  7:00  Drone x5  
  116  7:10  Drone x8  
  118  7:19  Overlord  
  114  7:23  Mutalisk  
  114  7:24  Mutalisk x7  
  127  7:31  Mutalisk x3  
  127  7:34  Zerg Flyer Weapons Level 1  
  127  7:35  Mutalisk  
  127  7:37  Extractor x2  
  134  7:38  Mutalisk  
  134  7:44  Drone x2  
  134  7:45  Drone x4, Evolution Chamber  
  134  7:47  Mutalisk  
  134  7:50  Mutalisk  
  134  7:51  Infestation Pit  
  142  7:53  Drone  
  142  7:54  Overlord  
  143  7:59  Overlord  
  143  8:05  Overlord  
  143  8:09  Queen  
  143  8:11  Hatchery, Mutalisk  
  142  8:18  Mutalisk x9  
  158  8:27  Mutalisk x2  
  156  8:29  Zergling x14  
  167  8:38  Mutalisk  
  167  8:39  Overlord  
  167  8:42  Overlord  
  167  8:45  Overlord  
  167  8:47  Overlord  
  165  8:49  Overlord  
  165  8:51  Mutalisk  
  165  8:54  Overlord  
  161  8:57  Corruptor x5  
  161  9:00  Zergling x8  
Show
View Real Time Build Order
Export as new Build Order

HellraiseR Protoss 

Build Orders: 1 Gate Expand, Oracle Opening 

Get SALT Encoding   

  12  0:00  Probe  
  13  0:12  Probe  
  14  0:20  Pylon  
  14  0:24  Probe (Chrono Boost)  
  15  0:38  Probe (Chrono Boost), Gateway  
  16  0:46  Probe (Chrono Boost)  
  16  0:48  Assimilator  
  17  0:53  Probe  
  18  1:05  Probe  
  19  1:17  Probe  
  20  1:25  Nexus  
  20  1:36  Cybernetics Core  
  20  1:39  Probe  
  21  1:47  Assimilator  
  21  1:51  Probe  
  22  1:55  Pylon  
  22  2:03  Probe (Chrono Boost)  
  23  2:10  Adept (Chrono Boost)  
  26  2:17  Probe (Chrono Boost)  
  26  2:18  Stargate  
  26  2:23  Probe (Chrono Boost)  
  26  2:29  Warp Gate  
  27  2:32  Probe (Chrono Boost)  
  28  2:37  Stalker  
  28  2:40  Probe (Chrono Boost)  
  31  2:50  Probe x2 (Chrono Boost)  
  33  2:55  Probe (Chrono Boost)  
  33  2:56  Probe, Void Ray (Chrono Boost)  
  39  3:06  Probe  
  39  3:08  Probe  
  41  3:18  Probe  
  42  3:20  Gateway  
  42  3:21  Probe  
  42  3:26  Pylon  
  43  3:31  Probe  
  43  3:33  Probe  
  45  3:42  Oracle (Chrono Boost)  
  45  3:43  Probe  
  45  3:46  Probe  
  45  3:47  Gateway  
  50  3:51  Assimilator  
  50  3:55  Probe, Assimilator  
  51  3:58  Probe  
  52  4:05  Pylon  
  52  4:07  Probe  
  53  4:10  Probe  
  53  4:12  Stargate  
  54  4:20  Oracle (Chrono Boost)  
  54  4:22  Pylon  
  54  4:23  Probe x2  
  59  4:26  Pylon  
  59  4:35  Probe x2  
  61  4:42  Adept x3  
  67  4:45  Pylon  
  67  4:46  Pylon  
  67  4:47  Oracle (Chrono Boost)  
  73  5:04  Oracle (Chrono Boost)  
  73  5:12  Adept x3  
  75  5:17  Oracle (Chrono Boost)  
  76  5:24  Nexus  
  76  5:26  Pylon  
  79  5:35  Probe x2  
  79  5:41  Oracle (Chrono Boost)  
  81  5:45  Adept x2  
  81  5:46  Adept  
  81  5:49  Oracle (Chrono Boost)  
  87  5:55  Shield Battery  
  87  5:56  Shield Battery  
  87  5:57  Probe x2  
  92  6:09  Probe x2  
  97  6:12  Pylon  
  97  6:18  Oracle (Chrono Boost)  
  97  6:21  Probe x2  
  97  6:23  Oracle (Chrono Boost)  
  96  6:33  Probe x2  
  96  6:37  Probe  
  97  6:42  Assimilator  
  97  6:44  Stargate  
  97  6:45  Probe x2  
  99  6:47  Assimilator  
  99  6:49  Probe  
  99  6:50  Oracle (Chrono Boost)  
  103  6:57  Probe x2  
  96  7:01  Probe, Oracle (Chrono Boost)  
  100  7:09  Probe x2  
  100  7:11  Adept x3  
  100  7:13  Probe  
  105  7:20  Shield Battery  
  105  7:21  Probe x2  
  105  7:22  Forge  
  107  7:25  Probe  
  108  7:33  Probe  
  108  7:34  Probe  
  108  7:35  Void Ray (Chrono Boost), Pylon  
  110  7:38  Void Ray (Chrono Boost)  
  115  7:44  Pylon  
  115  7:45  Pylon, Protoss Air Weapons Level 1  
  115  7:47  Pylon  
  114  7:54  Nexus  
  114  7:55  Pylon  
  114  8:03  Adept x2  
  122  8:17  Phoenix (Chrono Boost)  
  121  8:20  Probe  
  121  8:25  Probe x2  
  116  8:30  Pylon  
  116  8:35  Phoenix (Chrono Boost), Pylon  
  116  8:37  Phoenix (Chrono Boost)  
  116  8:38  Pylon  
  111  8:44  Probe  
  111  8:47  Probe, Pylon  
  105  8:50  Probe  
  105  8:51  Phoenix (Chrono Boost), Zealot  
  105  8:52  Zealot  
  105  8:54  Phoenix (Chrono Boost)  
  100  8:57  Phoenix (Chrono Boost)  
  100  8:58  Probe  
  101  9:10  Phoenix (Chrono Boost)  
  101  9:11  Phoenix (Chrono Boost)  
  101  9:15  Phoenix  
Tags
 
Add a new tag
Caveats
  • Supply blocks, unpowered buildings, or Contaminate may cause inaccurate times.
  • Supply counts are checked every 10 seconds.